 Dungeon Crawl Stone Soup version 0.31-a0-931-g7b59d4eb97 (webtiles) character file.

Game seed: 16247129272440180548

98 rvierbuc the Chopper (level 4, -1/36 (38) HPs)
             Began as a Gnoll Reaver on Oct 20, 2023.
             Slain by a goblin
             ... wielding a +0 club
             ... led by Robin
              (3 damage)
             ... on level 3 of the Dungeon.
             The game lasted 00:04:56 (2354 turns).

rvierbuc the Chopper (Gnoll Reaver)                 Turns: 2354, Time: 00:04:57

HP:   -1/36 (38)    AC:  4    Str: 13    XL:     4   Next: 71%
MP:   11/11         EV: 12    Int: 12    God:
Gold: 138           SH:  0    Dex: 11    Spells: 12/13 levels left

rFire   . . .        k - +0 war axe
rCold   . . .        (no shield)
rNeg    . . .        b - +0 leather armour
rPois   .            (no helmet)
rElec   .            (no cloak)
rCorr   .            i - +0 pair of gloves
SInv    .            (no boots)
Will    .....        (no amulet)
Stlth   +            (no ring)
HPRegen 0.26/turn    (no ring)
MPRegen 0.12/turn

%: no passive effects
@: lethally poisoned (-1 -> -14), drained
A: fangs 1, strong nose, distributed training
a: no special abilities


You were on level 3 of the Dungeon.
You visited 1 branch of the dungeon, and saw 3 of its levels.

You collected 138 gold pieces.

Inventory:

Hand Weapons
 a - a +0 hand axe
 k - a +0 war axe (weapon)
Missiles
 o - 10 poisoned darts
Armour
 b - a +0 leather armour (worn)
 h - a +0 plate armour
 i - a +0 pair of gloves (worn)
Talismans
 m - a beast talisman
Scrolls
 d - a scroll of teleportation {unknown}
 j - a scroll of identify {unknown}
 l - a scroll of poison {unknown}
Potions
 c - a potion of curing {unknown}
 e - 3 potions of mutation {unknown}
 f - a potion of heal wounds {unknown}
 g - a potion of might {unknown}
 n - a potion of degeneration {unknown}
 p - a potion of invisibility {unknown}


   Skills:
 + Level 4.7 Fighting
 + Level 1.2 Short Blades
 + Level 1.2 Long Blades
 + Level 6.6 Axes
 + Level 1.2 Maces & Flails
 + Level 1.2 Polearms
 + Level 1.2 Staves
 + Level 1.2 Ranged Weapons
 + Level 1.2 Throwing
 + Level 1.2 Armour
 + Level 4.7 Dodging
 + Level 1.2 Stealth
 + Level 1.2 Shields
 + Level 1.2 Unarmed Combat
 + Level 5.1 Spellcasting
 + Level 5.5 Conjurations
 + Level 1.0 Hexes
 + Level 1.0 Summonings
 + Level 1.0 Necromancy
 + Level 1.0 Translocations
 + Level 1.0 Transmutations
 + Level 1.0 Fire Magic
 + Level 1.0 Ice Magic
 + Level 1.0 Air Magic
 + Level 1.0 Earth Magic
 + Level 1.0 Poison Magic
 + Level 1.3 Invocations
 + Level 1.2 Evocations
 + Level 1.1 Shapeshifting


You had 12 spell levels left.
You knew the following spells:

 Your Spells              Type           Power      Damage    Failure   Level
a - Kiss of Death         Conj/Necr      40%        2d8       7%          1

Your spell library contained the following spells:

 Spells                   Type           Power      Damage    Failure   Level
 Momentum Strike          Conj/Tloc      20%        3d8       10%         2
 Hailstorm                Conj/Ice       10%        3d5       21%         3


Dungeon Overview and Level Annotations

Branches:
Dungeon (3/15)

Altars:
Xom

Annotations:
D:3 Robin


Innate Abilities, Weirdness & Mutations

You have very sharp teeth.
Your uncanny sense of smell can sniff out nearby items.
Your experience applies equally to all skills.


Message History

a +0 dagger; a goblin corpse You closely miss the goblin.
The goblin shouts!
You hit the goblin. You hit the goblin but do no damage.
A bat comes into view.
Robin throws the goblin at you! The goblin barely misses you.
The goblin closely misses you. The goblin hits you but does no damage.
The goblin hits you with a +0 dagger.
You hit the goblin. Your bite misses the goblin.
The goblin is almost dead.
You barely miss the goblin. x2; You hit the goblin.
You kill the goblin!
You completely miss the goblin. The goblin hits you with a +0 club.
The goblin misses you. x2; The goblin closely misses you.
Robin throws the goblin at you! The goblin hits you with a +0 club. x2
The goblin hits you with a +0 dagger. x2
The goblin hits you with a +2 dagger of venom.
You are poisoned.
Press: ? - help, v - describe, . - travel, g - get item
Here: a goblin, wielding a +2 dagger of venom (strong)
Items here: a +0 dagger; a goblin corpse.
The floor, spattered with blood.
Casting: Kiss of Death (safe; 7% risk of failure)
Confirm with . or Enter, or press ? or * to list all spells.
Aiming: Kiss of Death (safe; 7% risk of failure)
Press: ? - help, Shift-Dir - straight line, f - goblin
Aim: a goblin, wielding a +0 club (almost dead, strong, 100% to hit)
Okay, then.
You closely miss the goblin. You hit the goblin. You slash the goblin!
You kill the goblin!
You hit the goblin but do no damage. You slash the goblin!
You kill the goblin!
You feel very sick.
The goblin hits you with a +2 dagger of venom.
* * * LOW HITPOINT WARNING * * *
You are more poisoned.
The goblin misses you. Robin throws the goblin at you!
* * * LOW HITPOINT WARNING * * *
The goblin hits you with a +0 club.
You die...

#.####.##.###
######.#
#.##.#
#...##.#
#.##.#
#......#
#.##.. #
##...####
#.#### #
#...## #.# #
##.#.## #.# #
#...gg# #.# #
#..^)@# #
#.^_gg# #
#.^^.b# # ∆
......?g. #
#####.##. #
#. .. . ## ..
# ###


You could see Robin, 4 goblins and a bat.

Vanquished Creatures
  Jessica (D:2)
  2 adders (D:2)
  A worm (D:2)
  2 dart slugs
  2 orcs (D:3)
  3 bats
  3 endoplasms
  2 giant cockroaches
  5 goblins
  3 hobgoblins
  3 jackals (D:3)
  3 kobolds
  5 quokkas
  5 ball pythons
  2 frilled lizards (D:1)
  2 rats (D:1)
44 creatures vanquished.

Notes
Turn   | Place    | Note
-------+----------+-------------------------------------------
     0 | D:1      | rvierbuc the Gnoll Reaver began the quest for the Orb.
     0 | D:1      | Reached XP level 1. HP: 20/20 MP: 6/6
   270 | D:1      | Reached XP level 2. HP: 24/26 MP: 7/7
   879 | D:2      | Reached skill level 5 in Spellcasting
   879 | D:2      | Reached XP level 3. HP: 13/28 MP: 6/9
  1047 | D:2      | Noticed Jessica
  1054 | D:2      | Reached skill level 1 in Invocations
  1065 | D:2      | Killed Jessica
  1066 | D:2      | Reached skill level 1 in Short Blades
  1066 | D:2      | Reached skill level 1 in Long Blades
  1066 | D:2      | Reached skill level 1 in Maces & Flails
  1066 | D:2      | Reached skill level 1 in Polearms
  1066 | D:2      | Reached skill level 1 in Staves
  1066 | D:2      | Reached skill level 1 in Ranged Weapons
  1066 | D:2      | Reached skill level 1 in Throwing
  1066 | D:2      | Reached skill level 1 in Armour
  1066 | D:2      | Reached skill level 1 in Stealth
  1066 | D:2      | Reached skill level 1 in Shields
  1066 | D:2      | Reached skill level 1 in Unarmed Combat
  1066 | D:2      | Reached skill level 1 in Evocations
  1066 | D:2      | Reached skill level 1 in Shapeshifting
  1066 | D:2      | Reached XP level 4. HP: 14/33 MP: 9/11
  1884 | D:3      | Reached skill level 1 in Hexes
  1884 | D:3      | Reached skill level 1 in Summonings
  1884 | D:3      | Reached skill level 1 in Necromancy
  1884 | D:3      | Reached skill level 1 in Translocations
  1884 | D:3      | Reached skill level 1 in Transmutations
  1884 | D:3      | Reached skill level 1 in Fire Magic
  1884 | D:3      | Reached skill level 1 in Ice Magic
  1884 | D:3      | Reached skill level 1 in Air Magic
  1884 | D:3      | Reached skill level 1 in Earth Magic
  1884 | D:3      | Reached skill level 1 in Poison Magic
  2345 | D:3      | Found a shimmering altar of Xom.
  2347 | D:3      | Noticed Robin
  2354 | D:3      | Slain by a goblin

Illustrated notes

Levels and vault maps discovered:
D:1:      psy_arrival_basics, layout_loops_ring, dreamdust_wishing_well
D:2:      layout_loops_ring, serial_aquarium, aquarium_bridge_square
          [aquarium_subvault_balcony, aquarium_subvault_wall,
          aquarium_subvault_balcony, aquarium_subvault_bridge],
          aquarium_bridge_straight [aquarium_subvault_bridge,
          aquarium_subvault_wall, aquarium_subvault_bridge,
          aquarium_subvault_balcony], aquarium_window_2, aquarium_window_1,
          aquarium_view_2a, aquarium_view_2c, kennysheep_jessica_study
D:3:      layout_loops_ring, xom_teletrap_fun, uniq_robin

Skill      XL: |  1  2  3  4 |
---------------+-------------+-----
Spellcasting   | 5 |  5.1
Invocations    | 1 |  1.3
Short Blades   | 1 |  1.2
Long Blades    | 1 |  1.2
Maces & Flails | 1 |  1.2
Polearms       | 1 |  1.2
Staves         | 1 |  1.2
Ranged Weapons | 1 |  1.2
Throwing       | 1 |  1.2
Armour         | 1 |  1.2
Stealth        | 1 |  1.2
Shields        | 1 |  1.2
Unarmed Combat | 1 |  1.2
Evocations     | 1 |  1.2
Shapeshifting  | 1 |  1.1
Hexes          | 1 |  1.0
Summonings     | 1 |  1.0
Necromancy     | 1 |  1.0
Translocations | 1 |  1.0
Transmutations | 1 |  1.0
Fire Magic     | 1 |  1.0
Ice Magic      | 1 |  1.0
Air Magic      | 1 |  1.0
Earth Magic    | 1 |  1.0
Poison Magic   | 1 |  1.0
Fighting       | |  4.7
Axes           | |  6.6
Dodging        | |  4.7
Conjurations   | |  5.5

Action                     |  1- 3 |  4- 6 || total
---------------------------+-------+-------++-------
  Melee: Hand axe          |    97 |    12 ||   109
         Bite              |    10 |     6 ||    16
         War axe           |       |    47 ||    47
         Punch             |       |     1 ||     1
   Cast: Kiss of Death     |     2 |       ||     2
   Stab: Sleeping          |       |     1 ||     1
 Armour: Leather armour    |    52 |    42 ||    94
  Dodge: Dodged            |    60 |    37 ||    97

Table legend: (Time is in decaauts)
 A = Elapsed time spent in this place.
 B = Non-inter-level travel time spent in this place.
 C = Inter-level travel time spent in this place.
 D = Time resting spent in this place.
 E = Time spent auto-exploring this place.
 F = Levels seen in this place.
 G = Mean time per level.
                   A        B        C        D        E       F      G
               +--------+--------+--------+--------+--------+-----+--------+
         Total |   2365 |   2280 |     85 |     73 |   1865 |   3 |  788.3 |
       Dungeon |   2365 |   2280 |     85 |     73 |   1865 |   3 |  788.3 |
               +--------+--------+--------+--------+--------+-----+--------+

Top non-repeatable levels by time:
     D:2: 1015 daAuts
     D:1: 824 daAuts
     D:3: 524 daAuts
